 Dungeon Crawl Stone Soup version 0.22-a0-271-gc000056a37 (webtiles) character file.

1390 RedPan the Insei (level 8, -7/63 HPs)
             Began as a Demonspawn Monk on Mar 9, 2018.
             Killed by nerve-wracking pain
             ... invoked by a shadow imp
              (14 damage)
             ... on level 5 of the Dungeon.
             The game lasted 00:09:51 (6727 turns).

RedPan the Insei (Demonspawn Monk)                  Turns: 6727, Time: 00:09:52

Health: -7/63      AC:  5    Str: 13    XL:     8   Next: 40%
Magic:  8/8        EV: 15    Int: 12    God:
Gold:   260        SH:  0    Dex: 16    Spells: 7/7 levels left

rFire    . . .     SeeInvis .     - Unarmed
rCold    . . .     Gourm    .   (no shield)
rNeg     . . .     Faith    .   g - +0 leather armour
rPois    .         Spirit   .   (helmet restricted)
rElec    .         Reflect  .   (no cloak)
rCorr    +         Harm     .   k - +1 pair of gloves
MR       .....                  (no boots)
Stlth    ++........             (no amulet)
HPRegen  0.20/turn              i - ring of resist corrosion
MPRegen  0.11/turn              (no ring)

@: no status effects
A: antennae 1, hooves 2, nightstalker 1
a: no special abilities


You were on level 5 of the Dungeon.
You were not hungry.

You visited 1 branch of the dungeon, and saw 6 of its levels.

You collected 260 gold pieces.

Inventory:

Armour
 g - a +0 leather armour (worn)
 h - a +0 large shield
 k - a +1 pair of gloves (worn)
Jewellery
 a - a +3 ring of evasion {unknown}
 i - a ring of resist corrosion (left hand)
Scrolls
 c - 3 scrolls of teleportation
 d - 2 scrolls of remove curse
 j - a scroll of amnesia
 m - 2 scrolls of identify
Potions
 e - 2 potions of curing
 f - a potion of ambrosia {unknown}
 l - a potion of cancellation {unknown}
 n - a potion of invisibility {unknown}
 o - 2 potions of mutation {unknown}
 p - a potion of haste
Comestibles
 b - 12 rations
 q - 3 chunks of flesh


   Skills:
 + Level 5.5 Fighting
 - Level 1.2 Armour
 + Level 5.1 Dodging
 - Level 1.7 Stealth
 * Level 7.6 Unarmed Combat


You had 7 spell levels left.
You didn't know any spells.

Dungeon Overview and Level Annotations

Branches:
Dungeon (6/15)             Temple (0/1) D:5

Altars:
Gozag
Xom


Innate Abilities, Weirdness & Mutations

You have a pair of small antennae on your head.
You have hoof-like feet.
You are slightly more attuned to the shadows.


Message History

You hit the orc warrior but do no damage.
You kick the orc warrior, but do no damage.
The orc warrior is heavily wounded.
The shadow imp barely misses you.
You punch the orc warrior!
The orc warrior is almost dead.
The orc warrior completely misses you.
You closely miss the orc warrior.
The orc warrior is almost dead.
The shadow imp gestures at you. Pain shoots through your body!
* * * LOW HITPOINT WARNING * * *
The orc warrior hits you with a halberd.
* * * LOW HITPOINT WARNING * * *
You hit the orc warrior. Your kick misses the orc warrior.
Your punch misses the orc warrior.
The orc warrior is almost dead.
The shadow imp gestures at you. Pain shoots through your body!
You die...

#..####''####..####.....#.#...#
#....##..####.## #.......#..##
#....##.###...# ####....###..#
###.###.....#.###............#
#.# ####.##...............## #.#
#...........##...##..### #.#
#...#.#.....#....###.... #.#
##..#.#.[........# #.##h #(#
##.#..@5....##### #.###
#####.######....o)...## ###.#..
..........##....[....######.....#
..........#....#.....#..........#
..........#...#.................#
.................##.###.........#
.............##.###.# #.........#
......(.<....[..###.###.........#
............#...................#


You could see an orc warrior and a shadow imp.

Vanquished Creatures
  The ghost of thing2 the Slasher, an amateur NaFi (D:3)
  2 black bears
  A phantom (D:5)
  An ogre (D:4)
  A bullfrog (D:6)
  A wyvern skeleton (D:6)
  5 wights
  2 jellies (D:6)
  A gnoll shaman (D:4)
  2 orc priests
  A hound (D:5)
  2 orc wizards (D:4)
  4 worker ants
  2 worker ant zombies
  5 gnolls (D:4)
  4 adders
  2 shadow imps
  An ooze (D:2)
  5 worms
  A dart slug (D:1)
  5 leopard geckos
  8 orcs
  2 giant cockroaches
  5 goblins
  6 hobgoblins
  7 jackals
  2 kobolds
  A quokka (D:3)
  A ball python (D:1)
  9 bats
  6 frilled lizards
  2 jackal skeletons
  A jackal zombie (D:5)
  A leopard gecko zombie (D:6)
  6 rats
106 creatures vanquished.

Vanquished Creatures (collateral kills)
  An adder (D:5)
1 creature vanquished.

Grand Total: 107 creatures vanquished

Notes
Turn   | Place    | Note
-------+----------+-------------------------------------------
     0 | D:1      | RedPan the Demonspawn Monk began the quest for the Orb.
     0 | D:1      | Reached XP level 1. HP: 18/18 MP: 1/1
   505 | D:1      | Reached skill level 3 in Unarmed Combat
   548 | D:1      | Gained mutation: You have large cloven feet. [demonic ancestry]
   548 | D:1      | Reached XP level 2. HP: 23/24 MP: 2/2
  1285 | D:2      | Reached XP level 3. HP: 29/29 MP: 3/3
  1581 | D:2      | Found a shimmering altar of Xom.
  2141 | D:3      | Reached XP level 4. HP: 26/35 MP: 4/4
  2355 | D:3      | Noticed thing2's ghost (amateur NaFi)
  2394 | D:3      | Killed thing2's ghost
  2394 | D:3      | Reached skill level 5 in Unarmed Combat
  2394 | D:3      | Gained mutation: You have a pair of small antennae on your head. [demonic ancestry]
  2394 | D:3      | Reached XP level 5. HP: 12/41 MP: 5/5
  3351 | D:4      | Noticed an ogre
  3364 | D:4      | Killed an ogre
  3364 | D:4      | Reached skill level 1 in Armour
  3364 | D:4      | Gained mutation: You are slightly more attuned to the shadows. [demonic ancestry]
  3364 | D:4      | Reached XP level 6. HP: 30/48 MP: 6/6
  4201 | D:4      | Gained mutation: You have hoof-like feet. [demonic ancestry]
  4201 | D:4      | Reached XP level 7. HP: 41/54 MP: 7/7
  4454 | D:5      | Entered Level 5 of the Dungeon
  4477 | D:5      | Reached skill level 6 in Unarmed Combat
  4949 | D:5      | Found a staircase to the Ecumenical Temple.
  5247 | D:6      | Found an opulent altar of Gozag.
  5812 | D:5      | Reached skill level 5 in Fighting
  5946 | D:6      | Reached skill level 7 in Unarmed Combat
  5946 | D:6      | Reached XP level 8. HP: 30/62 MP: 8/8
  6215 | D:6      | Reached skill level 5 in Dodging
  6727 | D:5      | Killed from afar by a shadow imp

Vault maps used:
D:1:      shiori_shiawase, serial_corexii_hall, corexii_hall_statues_l,
          corexii_hall_statues_x, minmay_close_crescents
D:2:      xom_teletrap_fun
D:3:      first_ration
D:5:      minmay_temple_entry_from_below_a, kennysheep_generic_room_7
D:6:      grunt_gozag_breadcrumbs, kennysheep_generic_room_12

Skill      XL: |  1  2  3  4  5  6  7  8 |
---------------+-------------------------+-----
Unarmed Combat | 3 5 7 |  7.6
Dodging        | 3 4 5 |  5.1
Armour         | 1 |  1.2
Fighting       | 4 5 |  5.5
Stealth        | |  1.7

Action                   |  1- 3 |  4- 6 |  7- 9 || total
-------------------------+-------+-------+-------++-------
Melee: Unarmed           |   137 |   167 |   170 ||   474
       Kick              |    28 |    44 |    51 ||   123
       Punch             |     3 |     4 |     5 ||    12
  Use: Scroll            |    11 |     1 |     2 ||    14
       Potion            |       |     3 |       ||     3
 Stab: Sleeping          |     4 |     4 |     2 ||    10
       Distracted        |     2 |       |       ||     2
  Eat: Chunk             |     4 |     6 |     2 ||    12
       Ration            |       |       |     2 ||     2
Armor: Robe              |    15 |    13 |       ||    28
       Leather armour    |    12 |     7 |    28 ||    47
       Skin              |       |     4 |       ||     4
Dodge: Dodged            |    89 |    72 |   117 ||   278

Table legend:
 A = Spawn XP
 B = Non-spawn XP
 C = Spawn XP percentage of total XP
 D = Spawn monster count
 E = Non-spawn monster count
 F = Spawn count percentage of total count
 G = Total turns spent on level
                    A         B        C        D         E        F      G
               +---------+---------+-------+---------+---------+-------+---------
         Total |       0 |    1987 |   0.0 |       0 |     107 |   0.0 |  6727
               +---------+---------+-------+---------+---------+-------+---------
           D:1 |       0 |      32 |   0.0 |       0 |      18 |   0.0 |  1223
           D:2 |       0 |      56 |   0.0 |       0 |      20 |   0.0 |   840
           D:3 |       0 |     251 |   0.0 |       0 |      14 |   0.0 |  1205
           D:4 |       0 |     429 |   0.0 |       0 |      25 |   0.0 |  1186
           D:5 |       0 |     476 |   0.0 |       0 |      12 |   0.0 |  1567
           D:6 |       0 |     743 |   0.0 |       0 |      18 |   0.0 |   706
               +---------+---------+-------+---------+---------+-------+---------
